| TOP OF THE 1ST |
|
Aberdeen Ironbirds batting - Pitching for Minnesota (NYP) Twins : LHP Josh Armstrong
|
|
Pitching: LHP Josh Armstrong
|
|
|
Batting: LHB Shane Free
|
0-0: Fly out, F7 (Flyball, 78M, EV 85.6 MPH)
|
|
Batting: RHB Jordan Wallace
|
0-0: Ball 1-0: Called Strike 1-1: Ball 2-1: Swinging Strike 2-2: Ball 3-2: Foul Ball, location: 2F 3-2: Base on Balls
|
|
Batting: LHB Raul Rojas
|
0-0: Ball 1-0: Called Strike 1-1: Called Strike 1-2: Foul Ball, location: 2F 1-2: Strikes out swinging
|
|
Batting: RHB Edwin Ramos
|
0-0: Ball 1-0: Reached on error, E5 (Groundball, 56, EV 80.0 MPH) Jordan Wallace to second
|
|
Batting: RHB Mario Luna
|
0-0: Called Strike 0-1: Ground out 5-3 (Groundball, 56S, EV 80.6 MPH)
|
| Top of the 1st over - 0 runs, 0 hits, 1 error, 2 left on base; Aberdeen 0 - Minnesota (NYP) 0 |
| BOTTOM OF THE 1ST |
|
Minnesota (NYP) Twins batting - Pitching for Aberdeen Ironbirds : LHP Silas Chinn
|
|
Pitching: LHP Silas Chinn
|
|
|
Batting: LHB Chris Munguia
|
0-0: Called Strike 0-1: Ball 1-1: Called Strike 1-2: Strikes out swinging
|
|
Batting: RHB Tony Crespo
|
0-0: Foul Ball, location: 2F 0-1: Swinging Strike 0-2: Strikes out swinging
|
|
Batting: RHB Miguel Diaz
|
0-0: Ball 1-0: Ball 2-0: Called Strike 2-1: Ball 3-1: Fly out, F8 (Flyball, 8LD, EV 105.0 MPH)
|
| Bottom of the 1st over - 0 runs, 0 hits, 0 errors, 0 left on base; Aberdeen 0 - Minnesota (NYP) 0 |
| TOP OF THE 2ND |
|
Aberdeen Ironbirds batting - Pitching for Minnesota (NYP) Twins : LHP Josh Armstrong
|
|
Batting: LHB Bill Ostlund
|
0-0: Fly out, F6 (Line Drive, 6, EV 66.9 MPH)
|
|
Batting: LHB David Best
|
0-0: Ball 1-0: Called Strike 1-1: Ground out 5-3 (Groundball, 56, EV 90.6 MPH)
|
|
Batting: RHB Ioan Biros
|
0-0: Ball 1-0: Ball 2-0: Ball 3-0: Base on Balls
|
|
Batting: SHB Tyler Myatt
|
0-0: Ball Wild Pitch! Ioan Biros to second 1-0: Ball 2-0: Called Strike 2-1: Ball 3-1: Foul Ball, location: 2F 3-2: Base on Balls
|
|
Batting: LHB Shane Free
|
0-0: Called Strike 0-1: Ball 1-1: Foul Ball, location: 2F 1-2: Strikes out swinging
|
| Top of the 2nd over - 0 runs, 0 hits, 0 errors, 2 left on base; Aberdeen 0 - Minnesota (NYP) 0 |
| BOTTOM OF THE 2ND |
|
Minnesota (NYP) Twins batting - Pitching for Aberdeen Ironbirds : LHP Silas Chinn
|
|
Batting: RHB Jose Nunez
|
0-0: Called Strike 0-1: Ball 1-1: Foul Ball, location: 2F 1-2: Foul Ball, location: 2F 1-2: Ball 2-2: Ball 3-2: Strikes out swinging
|
|
Batting: RHB Michael McDonald
|
0-0: Ball 1-0: Called Strike 1-1: Called Strike 1-2: Ball 2-2: Foul Ball, location: 2F 2-2: Strikes out swinging
|
|
Batting: RHB Graham Calvert
|
0-0: Ball 1-0: Foul Ball, location: 2F 1-1: Foul Ball, location: 2F 1-2: Ground out 6-3 (Groundball, 6M, EV 86.2 MPH)
|
| Bottom of the 2nd over - 0 runs, 0 hits, 0 errors, 0 left on base; Aberdeen 0 - Minnesota (NYP) 0 |
| TOP OF THE 3RD |
|
Aberdeen Ironbirds batting - Pitching for Minnesota (NYP) Twins : LHP Josh Armstrong
|
|
Batting: RHB Jordan Wallace
|
0-0: Foul Ball, location: 2F 0-1: Swinging Strike 0-2: Ball 1-2: Foul Ball, location: 2F 1-2: Foul Ball, location: 2F 1-2: Fly out, F9 (Flyball, 89M, EV 78.1 MPH)
|
|
Batting: LHB Raul Rojas
|
0-0: Called Strike 0-1: Ball 1-1: Ground out 5-3 (Groundball, 56S, EV 73.8 MPH)
|
|
Batting: RHB Edwin Ramos
|
0-0: Foul Ball, location: 2F 0-1: Ball 1-1: Ball 2-1: Ball 3-1: Foul Ball, location: 2F 3-2: DOUBLE (Line Drive, 9LS, EV 100.6 MPH)
|
|
Batting: RHB Mario Luna
|
0-0: Foul Ball, location: 2F 0-1: Ball 1-1: Ball 2-1: Swinging Strike 2-2: Ball 3-2: Base on Balls
|
|
Batting: LHB Bill Ostlund
|
0-0: Ball 1-0: Fly out, F5 (Popup, 15S, EV 86.9 MPH)
|
| Top of the 3rd over - 0 runs, 1 hit, 0 errors, 2 left on base; Aberdeen 0 - Minnesota (NYP) 0 |
| BOTTOM OF THE 3RD |
|
Minnesota (NYP) Twins batting - Pitching for Aberdeen Ironbirds : LHP Silas Chinn
|
|
Batting: LHB Seung-jun Chang
|
0-0: Bunted foul 0-1: Called Strike 0-2: Ball 1-2: Ball 2-2: Fly out, F4 (Line Drive, 4, EV 76.9 MPH)
|
|
Batting: SHB Donell Burney
|
0-0: Called Strike 0-1: Foul Ball, location: 2F 0-2: Strikes out swinging
|
|
Batting: RHB Alex Loaiza
|
0-0: Ball 1-0: Called Strike 1-1: Swinging Strike 1-2: Ground out 5-3 (Groundball, 5, EV 85.6 MPH)
|
| Bottom of the 3rd over - 0 runs, 0 hits, 0 errors, 0 left on base; Aberdeen 0 - Minnesota (NYP) 0 |
| TOP OF THE 4TH |
|
Aberdeen Ironbirds batting - Pitching for Minnesota (NYP) Twins : LHP Josh Armstrong
|
|
Batting: LHB David Best
|
0-0: Fly out, F8 (Flyball, 8LM, EV 90.0 MPH)
|
|
Batting: RHB Ioan Biros
|
0-0: Ball 1-0: Called Strike 1-1: Foul Ball, location: 2F 1-2: Ball 2-2: Ball 3-2: Foul Ball, location: 2F 3-2: Ground out U3 (Groundball, 34S, EV 89.4 MPH)
|
|
Pitching: RHP Kevin Colgin
|
|
|
Batting: SHB Tyler Myatt
|
0-0: Ball 1-0: Called Strike 1-1: Ball 2-1: Swinging Strike 2-2: Ball 3-2: Strikes out swinging
|
| Top of the 4th over - 0 runs, 0 hits, 0 errors, 0 left on base; Aberdeen 0 - Minnesota (NYP) 0 |
| BOTTOM OF THE 4TH |
|
Minnesota (NYP) Twins batting - Pitching for Aberdeen Ironbirds : LHP Silas Chinn
|
|
Batting: LHB Chris Munguia
|
0-0: Swinging Strike 0-1: Foul Ball, location: 2F 0-2: Ball 1-2: Ground out 4-3 (Groundball, 4, EV 86.2 MPH)
|
|
Batting: RHB Tony Crespo
|
0-0: Called Strike 0-1: Called Strike 0-2: Strikes out swinging
|
|
Batting: RHB Miguel Diaz
|
0-0: Called Strike 0-1: Foul Ball, location: 2F 0-2: Ball 1-2: Strikes out looking
|
| Bottom of the 4th over - 0 runs, 0 hits, 0 errors, 0 left on base; Aberdeen 0 - Minnesota (NYP) 0 |
| TOP OF THE 5TH |
|
Aberdeen Ironbirds batting - Pitching for Minnesota (NYP) Twins : RHP Kevin Colgin
|
|
Batting: LHB Shane Free
|
0-0: Called Strike 0-1: Swinging Strike 0-2: Ground out 4-3 (Groundball, 4, EV 81.2 MPH)
|
|
Batting: RHB Jordan Wallace
|
0-0: Foul Ball, location: 2F 0-1: Ball 1-1: Foul Ball, location: 2F 1-2: Ball 2-2: Foul Ball, location: 2F 2-2: Ball 3-2: Foul Ball, location: 2F 3-2: Fly out, F8 (Flyball, 78XD, EV 91.2 MPH)
|
|
Batting: LHB Raul Rojas
|
0-0: Ball 1-0: Ball 2-0: SINGLE (Line Drive, 4MD, EV 98.8 MPH)
|
|
Pitching: RHP Matt Lundy
|
|
|
Batting: RHB Edwin Ramos
|
0-0: Ball 1-0: Foul Ball, location: 2F 1-1: Ball 2-1: Ball 3-1: Called Strike 3-2: Foul Ball, location: 2F 3-2: Foul Ball, location: 2F 3-2: SINGLE (Groundball, 56D, EV 99.4 MPH) Raul Rojas to second Raul Rojas to third
|
|
Batting: RHB Mario Luna
|
0-0: DOUBLE (Groundball, 5L, EV 110.0 MPH) Raul Rojas scores Edwin Ramos to third
|
|
Batting: LHB Bill Ostlund
|
0-0: Called Strike 0-1: Foul Ball, location: 2F 0-2: Ball 1-2: Ball 2-2: Ball 3-2: Base on Balls
|
|
Batting: LHB David Best
|
0-0: Called Strike 0-1: Ball 1-1: Foul Ball, location: 2F 1-2: Foul Ball, location: 2F 1-2: Fly out, F9 (Flyball, 89S, EV 88.8 MPH)
|
| Top of the 5th over - 1 run, 3 hits, 0 errors, 3 left on base; Aberdeen 1 - Minnesota (NYP) 0 |
| BOTTOM OF THE 5TH |
|
Minnesota (NYP) Twins batting - Pitching for Aberdeen Ironbirds : LHP Silas Chinn
|
|
Batting: RHB Jose Nunez
|
0-0: Called Strike 0-1: Swinging Strike 0-2: Ball 1-2: Strikes out swinging
|
|
Batting: RHB Michael McDonald
|
0-0: Foul Ball, location: 2F 0-1: Foul Ball, location: 2F 0-2: Ball 1-2: Foul Ball, location: 2F 1-2: Foul Ball, location: 2F 1-2: Ball 2-2: Ball 3-2: Base on Balls
|
|
Batting: RHB Graham Calvert
|
0-0: Foul Ball, location: 2F 0-1: Fly out, F8 (Flyball, 8LM, EV 95.0 MPH)
|
|
Batting: LHB Seung-jun Chang
|
0-0: Called Strike 0-1: Ball 1-1: Called Strike 1-2: Foul Ball, location: 2F 1-2: Strikes out swinging
|
| Bottom of the 5th over - 0 runs, 0 hits, 0 errors, 1 left on base; Aberdeen 1 - Minnesota (NYP) 0 |
| TOP OF THE 6TH |
|
Aberdeen Ironbirds batting - Pitching for Minnesota (NYP) Twins : RHP Matt Lundy
|
|
Batting: RHB Ioan Biros
|
0-0: Foul Ball, location: 2F 0-1: Ball 1-1: Ball 2-1: Swinging Strike 2-2: Foul Ball, location: 2F 2-2: Foul Ball, location: 2F 2-2: Foul Ball, location: 2F 2-2: Foul Ball, location: 2F 2-2: Fly out, F7 (Flyball, 7, EV 87.5 MPH)
|
|
Batting: SHB Tyler Myatt
|
0-0: Ball 1-0: Ball 2-0: Ball 3-0: Called Strike 3-1: Swinging Strike 3-2: Base on Balls
|
|
Batting: LHB Shane Free
|
0-0: Ball Tyler Myatt steals 2nd base 1-0: Called Strike Tyler Myatt steals 3rd base 1-1: Swinging Strike 1-2: Ball 2-2: Ball 3-2: Base on Balls
|
|
Batting: RHB Jordan Wallace
|
0-0: Ball Shane Free is caught stealing 2nd base 2-4 1-0: Called Strike 1-1: Called Strike 1-2: Ball 2-2: Ball 3-2: Fly out, F8 (Flyball, 8RD, EV 105.6 MPH)
|
| Top of the 6th over - 0 runs, 0 hits, 0 errors, 1 left on base; Aberdeen 1 - Minnesota (NYP) 0 |
| BOTTOM OF THE 6TH |
|
Minnesota (NYP) Twins batting - Pitching for Aberdeen Ironbirds : LHP Silas Chinn
|
|
Batting: SHB Donell Burney
|
0-0: Ball 1-0: Ball 2-0: Swinging Strike 2-1: Swinging Strike 2-2: Foul Ball, location: 2F 2-2: Foul Ball, location: 2F 2-2: Foul Ball, location: 2F 2-2: Foul Ball, location: 2F 2-2: Strikes out swinging
|
|
Pitching: RHP David Burrus
|
|
|
Batting: RHB Alex Loaiza
|
0-0: Ball 1-0: Ball 2-0: Foul Ball, location: 2F 2-1: Ball 3-1: Swinging Strike 3-2: Foul Ball, location: 2F 3-2: Base on Balls
|
|
Batting: LHB Chris Munguia
|
0-0: Ball 1-0: Ball Alex Loaiza steals 2nd, throwing error, E2 Alex Loaiza to third 2-0: Ball 3-0: Called Strike 3-1: Fly out, F7 (Flyball, 78M, EV 85.6 MPH) Runner from 3rd tags up, SCORES, throw by LF
|
|
Batting: RHB Tony Crespo
|
0-0: Ball 1-0: Fly out, F9 (Line Drive, 9, EV 97.5 MPH)
|
| Bottom of the 6th over - 1 run, 0 hits, 1 error, 0 left on base; Aberdeen 1 - Minnesota (NYP) 1 |
| TOP OF THE 7TH |
|
Aberdeen Ironbirds batting - Pitching for Minnesota (NYP) Twins : RHP Matt Lundy
|
|
Batting: LHB Raul Rojas
|
0-0: Called Strike 0-1: Foul Ball, location: 2F 0-2: Strikes out looking
|
|
Batting: RHB Edwin Ramos
|
0-0: Ball 1-0: Ball 2-0: Ball 3-0: Base on Balls
|
|
Pinch Hitting: LHB Tim Mulholland
|
0-0: Ball Passed Ball! Edwin Ramos to second 1-0: Intentional Walk
|
|
Batting: LHB Bill Ostlund
|
0-0: Foul Ball, location: 2F 0-1: Swinging Strike 0-2: Ball 1-2: Strikes out looking
|
|
Batting: LHB David Best
|
0-0: Reached on error, E6 (Groundball, 6S, EV 80.0 MPH) Edwin Ramos scores Tim Mulholland to third
|
|
Batting: RHB Ioan Biros
|
0-0: Called Strike 0-1: Swinging Strike 0-2: Strikes out swinging
|
| Top of the 7th over - 1 run, 0 hits, 1 error, 2 left on base; Aberdeen 2 - Minnesota (NYP) 1 |
| BOTTOM OF THE 7TH |
|
Minnesota (NYP) Twins batting - Pitching for Aberdeen Ironbirds : RHP David Burrus
|
|
Pitching: LHP Chris Brown
|
|
|
Now at 3B: Juan Estrada
|
|
|
Batting: RHB Miguel Diaz
|
0-0: Ball 1-0: Called Strike 1-1: Foul Ball, location: 2F 1-2: Strikes out looking
|
|
Batting: RHB Jose Nunez
|
0-0: Ball 1-0: Ball 2-0: Called Strike 2-1: Ground out 4-3 (Groundball, 34, EV 91.9 MPH)
|
|
Batting: RHB Michael McDonald
|
0-0: Ball 1-0: Ball 2-0: Foul Ball, location: 2F 2-1: Foul Ball, location: 2F 2-2: Strikes out swinging
|
| Bottom of the 7th over - 0 runs, 0 hits, 0 errors, 0 left on base; Aberdeen 2 - Minnesota (NYP) 1 |
| TOP OF THE 8TH |
|
Aberdeen Ironbirds batting - Pitching for Minnesota (NYP) Twins : RHP Matt Lundy
|
|
Pitching: RHP Gustavo Pacheco
|
|
|
Batting: SHB Tyler Myatt
|
0-0: Ball 1-0: Ground out 4-3 (Groundball, 4, EV 102.5 MPH)
|
|
Batting: LHB Shane Free
|
0-0: Ball 1-0: Ball 2-0: Foul Ball, location: 2F 2-1: Ball 3-1: Base on Balls
|
|
Batting: RHB Jordan Wallace
|
0-0: Hit by Pitch Shane Free to second
|
|
Batting: LHB Raul Rojas
|
0-0: Foul Ball, location: 2F 0-1: Ball 1-1: Foul Ball, location: 2F 1-2: 3-RUN HOME RUN (Flyball, 7LD, EV 96.9 MPH), Distance : 367 ft
|
|
Batting: RHB Edwin Ramos
|
0-0: Ball 1-0: Fly out, F8 (Flyball, 8RD, EV 104.4 MPH)
|
|
Batting: RHB Juan Estrada
|
0-0: DOUBLE (Line Drive, 89D, EV 106.2 MPH)
|
|
Batting: LHB Bill Ostlund
|
0-0: Ball 1-0: Ball 2-0: SINGLE (Groundball, 4MD, EV 96.9 MPH) Juan Estrada to third Runner from 3rd tries for Home, SAFE, throw by CF to home
|
|
Batting: LHB David Best
|
0-0: Called Strike 0-1: Ball Bill Ostlund is caught stealing 2nd base 2-6
|
| Top of the 8th over - 4 runs, 3 hits, 0 errors, 0 left on base; Aberdeen 6 - Minnesota (NYP) 1 |
| BOTTOM OF THE 8TH |
|
Minnesota (NYP) Twins batting - Pitching for Aberdeen Ironbirds : LHP Chris Brown
|
|
Batting: RHB Graham Calvert
|
0-0: Swinging Strike 0-1: Ball 1-1: Called Strike 1-2: Strikes out swinging
|
|
Pinch Hitting: RHB David Nardone
|
0-0: Foul Ball, location: 2F 0-1: Ball 1-1: Foul Ball, location: 2F 1-2: Foul Ball, location: 2F 1-2: Ball 2-2: Ball 3-2: Base on Balls
|
|
Batting: SHB Donell Burney
|
0-0: Called Strike 0-1: SINGLE (Flyball, 78S, EV 85.6 MPH) David Nardone to second
|
|
Batting: RHB Alex Loaiza
|
0-0: Ball 1-0: Fly out, F8 (Flyball, 8LM, EV 92.5 MPH)
|
|
Batting: LHB Chris Munguia
|
0-0: Ball 1-0: Ball 2-0: Ball 3-0: Base on Balls David Nardone to third Donell Burney to second
|
|
Batting: RHB Tony Crespo
|
0-0: Called Strike 0-1: Swinging Strike 0-2: Ball 1-2: Foul Ball, location: 2F 1-2: Ball 2-2: Ground out 5-3 (Groundball, 56, EV 105.0 MPH)
|
| Bottom of the 8th over - 0 runs, 1 hit, 0 errors, 3 left on base; Aberdeen 6 - Minnesota (NYP) 1 |
| TOP OF THE 9TH |
|
Aberdeen Ironbirds batting - Pitching for Minnesota (NYP) Twins : RHP Gustavo Pacheco
|
|
Now at 2B: Tony Crespo
|
|
|
Now in CF: David Nardone
|
|
|
Batting: LHB David Best
|
0-0: Called Strike 0-1: Swinging Strike 0-2: Ball 1-2: Ball 2-2: Ground out 4-3 (Groundball, 4MD, EV 84.4 MPH)
|
|
Batting: RHB Ioan Biros
|
0-0: Foul Ball, location: 2F 0-1: Ball 1-1: Swinging Strike 1-2: Ball 2-2: Ball 3-2: Foul Ball, location: 2F 3-2: Foul Ball, location: 2F 3-2: Base on Balls
|
|
Batting: SHB Tyler Myatt
|
0-0: Ball 1-0: Called Strike 1-1: Ball 2-1: Ball 3-1: Foul Ball, location: 2F 3-2: Base on Balls Ioan Biros to second
|
|
Batting: LHB Shane Free
|
0-0: Called Strike 0-1: Ball 1-1: Ball 2-1: Foul Ball, location: 2F 2-2: Ball 3-2: Fly out, F4 (Popup, 34D, EV 44.4 MPH)
|
|
Batting: RHB Jordan Wallace
|
0-0: Ball 1-0: Ball 2-0: Ball 3-0: Called Strike 3-1: DOUBLE (Line Drive, 3D, EV 98.8 MPH) Ioan Biros scores Tyler Myatt to third Runner from 3rd tries for Home, SAFE, throw by RF to trailing runner, SAFE at third!
|
|
Batting: LHB Raul Rojas
|
0-0: Hit by Pitch
|
|
Batting: RHB Edwin Ramos
|
0-0: Called Strike 0-1: Ball 1-1: Ball 2-1: Ball Balk! Jordan Wallace scores Raul Rojas to second 3-1: Base on Balls
|
|
Batting: RHB Juan Estrada
|
0-0: Ball 1-0: Ball 2-0: Ball 3-0: Base on Balls Raul Rojas to third Edwin Ramos to second
|
|
Batting: LHB Bill Ostlund
|
0-0: Foul Ball, location: 2F 0-1: DOUBLE (Flyball, 89D, EV 106.9 MPH) Raul Rojas scores Edwin Ramos scores Juan Estrada to third
|
|
Pitching: RHP Ben Berger
|
|
|
Batting: LHB David Best
|
0-0: Ball 1-0: Ball Wild Pitch! Juan Estrada scores Bill Ostlund to third 2-0: Ball 3-0: Called Strike 3-1: Called Strike 3-2: Base on Balls
|
|
Batting: RHB Ioan Biros
|
0-0: Foul Ball, location: 2F 0-1: Ball 1-1: Called Strike 1-2: Ball 2-2: Ball 3-2: Base on Balls David Best to second
|
|
Batting: SHB Tyler Myatt
|
0-0: Ball 1-0: Ball 2-0: Called Strike 2-1: Swinging Strike 2-2: Ball 3-2: Base on Balls Bill Ostlund scores David Best to third Ioan Biros to second
|
|
Batting: LHB Shane Free
|
0-0: Called Strike 0-1: Ball 1-1: Ball Wild Pitch! David Best scores Ioan Biros to third Tyler Myatt to second 2-1: Ball 3-1: Base on Balls
|
|
Batting: RHB Jordan Wallace
|
0-0: Ball 1-0: Called Strike 1-1: Fielders Choice at 2nd, 6-4 (Groundball, 6, EV 85.6 MPH)
|
| Top of the 9th over - 8 runs, 2 hits, 0 errors, 3 left on base; Aberdeen 14 - Minnesota (NYP) 1 |
| BOTTOM OF THE 9TH |
|
Minnesota (NYP) Twins batting - Pitching for Aberdeen Ironbirds : LHP Chris Brown
|
|
Batting: RHB Miguel Diaz
|
0-0: SINGLE (Line Drive, 7S, EV 103.8 MPH)
|
|
Batting: RHB Jose Nunez
|
0-0: Called Strike 0-1: Ball 1-1: Called Strike 1-2: SINGLE (Groundball, 4MS, EV 67.5 MPH) (infield hit) Miguel Diaz to second
|
|
Pitching: LHP Randy Adams
|
|
|
Batting: RHB Michael McDonald
|
0-0: Foul Ball, location: 2F 0-1: Fly out, F4 (Flyball, 4D, EV 71.9 MPH)
|
|
Batting: RHB Graham Calvert
|
0-0: Ball 1-0: Foul Ball, location: 2F 1-1: Swinging Strike 1-2: Fly out, F7 (Flyball, 7, EV 91.2 MPH)
|
|
Pinch Hitting: RHB Abdul-Qahhar Wasim
|
0-0: Called Strike 0-1: Foul Ball, location: 2F 0-2: Ball 1-2: Ball 2-2: Foul Ball, location: 2F 2-2: Foul Ball, location: 2F 2-2: Ball 3-2: Strikes out swinging
|
| Bottom of the 9th over - 0 runs, 2 hits, 0 errors, 2 left on base; Aberdeen 14 - Minnesota (NYP) 1 |
|